 Dungeon Crawl Stone Soup version 0.19.5-1-g796a6487f8 (webtiles) character file.

107 Silkki the Insei (level 4, -10/32 HPs)
             Began as an Octopode Monk on Aug 12, 2023.
             Mangled by an ice beast (11 damage)
             ... on level 3 of the Dungeon.
             The game lasted 00:02:49 (1821 turns).

Silkki the Insei (Octopode Monk)                    Turns: 1821, Time: 00:02:50

Health: -10/32     AC:  1    Str: 15    XL:     4   Next: 85%
Magic:  0/4        EV: 15    Int: 12    God:
Gold:   90         SH:  0    Dex: 15    Spells: 0 memorised, 3 levels left

rFire  + . .     SeeInvis .       - Unarmed
rCold  . . .     Gourm    .     (no shield)
rNeg   . . .     Faith    .     (helmet restricted)
rPois  .         Spirit   +     q - amulet of guardian spirit
rElec  .         Reflect  .     r - ring of protection from fire
rCorr  .         Harm     .     (no ring)
MR     .....                    (no ring)
Stlth  ++++......               (no ring)
                                (no ring)
                                (no ring)
                                (no ring)
                                (no ring)

@: mighty
A: almost no armour, stealthy swim, amphibious, 8 rings, constrict 8, camouflage
1, gelatinous body 1
a: no special abilities


You were on level 3 of the Dungeon.
You were hungry.

You visited 1 branch of the dungeon, and saw 3 of its levels.

You collected 90 gold pieces.

Inventory:

Hand Weapons
 l - a +0 hunting sling
Jewellery
 q - an amulet of guardian spirit (around mantle)
 r - a ring of protection from fire (left tentacle)
Wands
 p - a wand of lightning (3/15)
Scrolls
 d - 3 scrolls of fear
 e - a scroll of identify
 f - 2 scrolls of random uselessness {unknown}
 h - 2 scrolls of enchant weapon {unknown}
 i - 3 scrolls of enchant armour {unknown}
 j - a scroll of immolation {unknown}
 k - 2 scrolls of noise {unknown}
Potions
 b - a potion of brilliance {unknown}
 m - a potion of flight {unknown}
 n - a potion of degeneration {unknown}
 o - a potion of agility {unknown}
 t - a potion of haste {unknown}
Comestibles
 a - 2 bread rations
 c - 2 beef jerkies
 g - 3 meat rations


   Skills:
 + Level 3.6 Fighting
 + Level 3.6 Dodging
 + Level 3.9 Stealth
 + Level 4.0 Unarmed Combat


You had 3 spell levels left.
You didn't know any spells.

Dungeon Overview and Level Annotations

Branches:
Dungeon (3/15)

Altars:
Fedhas


Innate Abilities, Weirdness & Mutations

You cannot wear most types of armour.
You are very stealthy in the water. (Stealth+)
You are amphibious.
You can wear up to eight rings at the same time.
You can use your tentacles to constrict eight enemies at once.
Your skin changes colour to match your surroundings (Stealth+).
Your rubbery body absorbs attacks. (AC +1, EV +1)


Message History

Your squeeze misses the ice beast. The ice beast hits you.
The ice beast freezes you!
* * * LOW HITPOINT WARNING * * *
You are too injured to fight recklessly!
You are too injured to fight recklessly!
You are too injured to fight recklessly!
You are too injured to fight recklessly!
You are too injured to fight recklessly!
You are too injured to fight recklessly!
You are too injured to fight recklessly!
You are too injured to fight recklessly!
You are too injured to fight recklessly!
You are too injured to fight recklessly!
You are too injured to fight recklessly!
You feel very mighty all of a sudden.
The giant cockroach bites you but does no damage.
The ice beast hits you.
* * * LOW HITPOINT WARNING * * *
The ice beast freezes you!
You die...

...# #............. ...#
#.............
######............
...............#
...............######
.......####.........#
.)..................#
.................s..#
................@Y..#
........................
..........#.##...##.....
......#.##...# ....
......#.##...# ... ....
#. ##### .. #


You could see an ice beast and a giant cockroach.

Vanquished Creatures
  Ijyb (D:2)
  3 adders
  A dart slug (D:1)
  A leopard gecko (D:2)
  An orc (D:3)
  A ball python (D:2)
  3 giant cockroaches
  12 goblins
  5 hobgoblins
  A quokka (D:3)
  5 bats
  3 frilled lizards (D:2)
  7 kobolds
  6 rats
50 creatures vanquished.

Notes
Turn   | Place    | Note
-------+----------+-------------------------------------------
     0 | D:1      | Silkki the Octopode Monk began the quest for the Orb.
     0 | D:1      | Reached XP level 1. HP: 16/16 MP: 1/1
   186 | D:1      | Reached XP level 2. HP: 16/21 MP: 2/2
   633 | D:1      | Reached XP level 3. HP: 22/26 MP: 3/3
   916 | D:2      | Found a blossoming altar of Fedhas.
   940 | D:2      | Found a faded altar of an unknown god.
  1140 | D:2      | Noticed Ijyb
  1147 | D:2      | Killed Ijyb
  1147 | D:2      | Reached XP level 4. HP: 31/32 MP: 4/4
  1804 | D:3      | Reached skill level 4 in Unarmed Combat
  1811 | D:3      | Noticed an ice beast
  1821 | D:3      | HP: 1/32 [ice beast (3)]
  1821 | D:3      | Mangled by an ice beast

Skill      XL: |  1  2  3  4 |
---------------+-------------+-----
Stealth        | 3 |  3.9
Unarmed Combat | 4 |  4.0
Fighting       | |  3.6
Dodging        | |  3.6

Action                   |  1- 3 |  4- 6 || total
-------------------------+-------+-------++-------
Melee: Unarmed           |    63 |    37 ||   100
       Constrict         |    19 |    12 ||    31
       Tentacles         |     9 |     5 ||    14
  Use: Scroll            |       |     1 ||     1
       Potion            |       |     1 ||     1
 Stab: Sleeping          |     4 |     8 ||    12
       Distracted        |       |     1 ||     1
  Eat: Chunk             |       |     2 ||     2
Armor: Skin              |     3 |     6 ||     9
Dodge: Dodged            |    43 |    16 ||    59
